Map: [ESL] Moondance

Players

Astrea - Winner!

  • Race: Protoss Protoss
  • Spawn Location: 12:00

trigger

  • Race: Protoss Protoss
  • Spawn Location: 6:00

Event: DreamHack SC2 Masters 2022 Atlanta (Online)

VOD

Have the link to the VOD?

Description

Time

  • Played on: Oct. 12, 2022, 4:48 p.m.
  • Length: 5:44

All games in this series

Show
View Real Time Build Order
Export as new Build Order

Astrea Protoss - Winner!

Build Orders: Phoenix Opening 

Get SALT Encoding   

  12  0:00  Probe  
  13  0:12  Probe  
  14  0:17  Pylon  
  14  0:24  Probe (Chrono Boost)  
  15  0:36  Gateway, Probe (Chrono Boost)  
  16  0:43  Probe (Chrono Boost)  
  16  0:45  Assimilator  
  17  0:51  Probe  
  17  0:53  Assimilator  
  18  1:03  Probe (Chrono Boost)  
  19  1:05  Gateway  
  19  1:14  Probe (Chrono Boost)  
  20  1:19  Probe (Chrono Boost)  
  20  1:23  Cybernetics Core  
  21  1:29  Probe  
  21  1:32  Pylon  
  22  1:41  Probe  
  23  1:53  Probe  
  24  2:00  Adept  
  24  2:01  Adept, Warp Gate  
  28  2:06  Probe  
  29  2:13  Pylon  
  29  2:23  Robotics Facility  
  29  2:30  Stalker  
  29  2:31  Sentry  
  32  2:55  Nexus  
  32  2:59  Sentry  
  32  3:05  Stalker  
  36  3:07  Phoenix  
  36  3:18  Immortal (Chrono Boost)  
  36  3:28  Shield Battery  
  36  3:48  Warp Prism (Chrono Boost)  
  36  4:09  Stalker x2  
  40  4:16  Probe x2  
  42  4:23  Observer  
  43  4:38  Stalker x2  
  45  4:40  Probe x2  
  45  5:01  Stalker x2  
  45  5:04  Probe  
  50  5:07  Probe  
  51  5:16  Probe  
  51  5:19  Probe  
  50  5:28  Probe  
  50  5:32  Probe  
  52  5:35  Shield Battery  
Show
View Real Time Build Order
Export as new Build Order

trigger Protoss 

Build Orders: Oracle Opening 

Get SALT Encoding   

  12  0:00  Probe  
  13  0:12  Probe  
  14  0:16  Pylon  
  14  0:24  Probe (Chrono Boost)  
  16  0:36  Gateway, Probe (Chrono Boost)  
  16  0:43  Probe (Chrono Boost)  
  16  0:45  Assimilator  
  17  0:51  Probe  
  17  0:54  Assimilator  
  18  1:03  Probe (Chrono Boost)  
  19  1:09  Gateway  
  19  1:12  Probe (Chrono Boost)  
  19  1:17  Probe (Chrono Boost)  
  20  1:23  Cybernetics Core  
  21  1:29  Probe  
  22  1:34  Pylon  
  22  1:41  Probe  
  23  1:53  Probe  
  24  2:00  Stalker  
  24  2:01  Stalker  
  28  2:02  Warp Gate  
  29  2:13  Pylon  
  29  2:18  Stargate  
  28  2:33  Stalker  
  28  2:36  Stalker  
  32  3:01  Oracle (Chrono Boost)  
  35  3:09  Probe (Chrono Boost)  
  31  3:21  Probe (Chrono Boost)  
  31  3:24  Nexus  
  31  3:30  Probe (Chrono Boost)  
  32  3:36  Probe  
  33  3:55  Twilight Council  
  33  4:00  Probe  
  33  4:02  Stalker  
  36  4:12  Probe  
  36  4:16  Phoenix (Chrono Boost)  
  35  4:24  Stalker  
  35  4:25  Shield Battery  
  35  4:30  Stalker  
  39  4:47  Phoenix (Chrono Boost)  
  39  4:48  Zealot  
  40  4:57  Zealot  
  38  5:06  Shield Battery  
  35  5:09  Sentry  
  35  5:11  Pylon  
  37  5:20  Stalker  
Tags
 
Add a new tag
Caveats
  • Supply blocks, unpowered buildings, or Contaminate may cause inaccurate times.
  • Supply counts are checked every 10 seconds.